 Dungeon Crawl Stone Soup version 0.30-a0-737-gf23d94013f (webtiles) character file.

Game seed: 370242569580095501

32059 sanka the Fighter (level 13, -3/119 HPs)
             Began as a Demigod Ice Elementalist on Feb 2, 2023.
             Slain by a slime creature (16 damage)
             ... on level 14 of the Dungeon.
             The game lasted 00:48:45 (19481 turns).

sanka the Fighter (Demigod Ice Elementalist)       Turns: 19481, Time: 00:48:45

Health: -3/119     AC: 15    Str:  9    XL:     13   Next: 1%
Magic:  2/22       EV: 21    Int: 36    God:
Gold:   748        SH:  0    Dex: 20    Spells: 9/20 levels left

rFire   . . .      SeeInvis .    K - +5 spear of Testaob {holy, rPois rC+ Int+3}
rCold   + . .      Faith    .    (no shield)
rNeg    . . .      Spirit   .    S - +0 steam dragon scales
rPois   +          Reflect  .    p - +2 hood of the Assassin {Detect Stab+ Stlth++}
rElec   .          Harm     .    Q - +0 cloak
rCorr   .          Rampage  .    l - +2 pair of gloves
Will    +....                    (no boots)
Stlth   ++++                     v - amulet of regeneration
HPRegen 1.19/turn                P - +6 ring of dexterity
MPRegen 0.18/turn                s - +4 ring of protection

@: mighty
A: high MP 1, forlorn, divine attributes
a: no special abilities


You were on level 14 of the Dungeon.
You visited 1 branch of the dungeon, and saw 14 of its levels.
You also visited: Sewer and Gauntlet.

You collected 928 gold pieces.
You spent 180 gold pieces at shops.


Innate Abilities, Weirdness & Mutations

You have an increased reservoir of magic. (+10% MP)
You shall have no god before yourself.
Your divine heritage dramatically boosts your attributes as you level up.


   Skills:
 + Level 12.3 Fighting
 + Level 12.3 Dodging
 - Level 1.7 Stealth
 - Level 4.0 Spellcasting
 - Level 2.0 Summonings
 - Level 12.0 Ice Magic


You had 9 spell levels left.
You knew the following spells:

 Your Spells              Type           Power      Damage    Failure   Level
a - Ozocubu's Armour      Ice            76%        N/A       1%          3
x - Summon Ice Beast      Ice/Summ       55%        N/A       2%          4
y - Frozen Ramparts       Ice            100%       1d16      1%          3
z - Freeze                Ice            100%       1d10      1%          1

Your spell library contained the following spells:

 Spells                   Type           Power      Damage    Failure   Level
 Beastly Appendage        Tmut           14%        N/A       4%          1
 Necrotise                Necr           28%        1d5       4%          1
 Slow                     Hex            28%        N/A       4%          1
 Scorch                   Fire           14%        2d6       6%          2
 Static Discharge         Conj/Air       14%        2-3/arc   6%          2
 Wereblood                Tmut           7%         N/A       6%          2
 Confusing Touch          Hex            7%         N/A       13%         3
 Spider Form              Tmut/Pois      7%         N/A       13%         3
 Stone Arrow              Conj/Erth      14%        3d7       13%         3
 Vampiric Draining        Necr           7%         2d6       13%         3
 Vhi's Electric Charge    Tloc/Air       14%        N/A       13%         3
 Animate Armour           Summ/Erth      28%        N/A       28%         4
 Animate Dead             Necr           7%         N/A       38%         4
 Flame Wave               Conj/Fire      7%         2d5       38%         4
 Summon Forest            Summ/Tloc      7%         N/A       61%         5
 Summon Mana Viper        Hex/Summ       14%        N/A       61%         5
 Agony                    Necr           7%         N/A       75%         5
 Arcjolt                  Conj/Air       3%         1d13      75%         5
 Borgnjor's Vile Clutch   Necr/Erth      3%         N/A       75%         5
 Lightning Bolt           Conj/Air       3%         1d15      75%         5
 Summon Cactus Giant      Summ           10%        N/A       96%         6
 Death Channel            Necr           3%         N/A       100%        6
 Lehudib's Crystal Spear  Conj/Erth      3%         10d3      100%        8

Inventory:

Hand Weapons
 a - a +2 flail of protection
 i - a +3 heavy battleaxe
 j - the +8 longbow of Symmetry {heavy, Int+3}

   Int:       It affects your intelligence (+3).
 K - the +5 spear of Testaob (weapon) {holy, rPois rC+ Int+3}

   Int:       It affects your intelligence (+3).
   rC:        It protects you from cold.
   rPois:     It protects you from poison.
Missiles
 D - 2 throwing nets {=f}
 T - 2 curare-tipped darts {=f}
Armour
 l - a +2 pair of gloves (worn)
 n - the +1 helmet of Dishonour {rElec Dex+3}

   Dex:       It affects your dexterity (+3).
   rElec:     It insulates you from electricity.
 p - the +2 hood of the Assassin (worn) {Detect Stab+ Stlth++}

   Detect:    It allows the wearer to sense nearby creatures.
   Stab+:     It allows the wearer to make particularly effective stabbing
   attacks against helpless or unaware enemies with any weapon.
   Stlth:     It makes you much more stealthy.
 E - a +2 robe of the Archmagi
 Q - a +0 cloak (worn)
 S - +0 steam dragon scales (worn)
Jewellery
 b - the ring of Zoel {Fire Int+3}

   [ring of fire]

   It enhances your fire magic.
   Int:       It affects your intelligence (+3).
   rF:        It protects you from fire.
   rC:        It makes you vulnerable to cold.
 s - a +4 ring of protection (right hand)
 v - an amulet of regeneration (around neck)
 P - a +6 ring of dexterity (left hand)
 R - a ring of resist corrosion
Wands
 C - a wand of iceblast (15)
 L - a wand of digging (7)
 M - a wand of light (4)
 N - a wand of charming (17)
 O - a wand of flame (40)
 Z - a wand of polymorph (1)
Scrolls
 c - 3 scrolls of vulnerability {!r}
 e - 4 scrolls of enchant armour
 f - 3 scrolls of blinking
 t - 6 scrolls of enchant weapon
 x - 2 scrolls of immolation {!r}
 y - 3 scrolls of amnesia
 z - a scroll of butterflies {unknown}
 A - 3 scrolls of fog
 F - 3 scrolls of noise {!r}
 H - 6 scrolls of teleportation {@r4}
 I - 6 scrolls of poison
 J - 2 scrolls of magic mapping {unknown}
 U - 4 scrolls of fear
 V - a scroll of silence {unknown}
 Y - a scroll of torment {unknown}
Potions
 d - 6 potions of curing {@q1}
 g - a potion of might
 h - 6 potions of haste {@q3}
 k - 3 potions of cancellation {unknown}
 m - a potion of ambrosia {unknown}
 o - 2 potions of invisibility {unknown}
 q - a potion of resistance {unknown}
 r - 4 potions of flight
 u - 3 potions of attraction {unknown}
 w - 6 potions of mutation {unknown}
 B - 4 potions of lignification {unknown}
 G - 2 potions of heal wounds {@q2}
 X - a potion of brilliance {unknown}

Dungeon Overview and Level Annotations

Branches:
Dungeon (14/15)            Temple (0/1) D:5            Lair (0/5) D:9
    Orc (0/2) D:10         Vaults (0/5) D:13          Sewer (visited)
Gauntlet (visited)

Shops:
D:1 *   D:7 :   D:8 *   D:9 !

Annotations:
D:2 1 runed translucent door, Crazy Yiuf

▒..▒.▒.▒....▒ ▒▒▒.▒▒▒.....▒
▒..▒.▒.▒.▒▒▒▒ ▒. ▒▒.....▒
▒....▒.▒.▒ ▒.▒▒.▒.▒..▒
▒▒.▒▒▒.▒.▒ ▒.........+
▒......▒.▒ ▒▒▒▒▒▒▒▒▒.▒.▒.▒.▒
▒..▒▒▒▒▒.▒▒▒.....▒ ▒▒J.....▒▒▒
▒....▒ ▒.▒.......▒▒▒▒.▒.▒.....
▒.▒▒.▒▒▒.▒.....JJ...▒▒)..▒▒.▒▒
▒.▒▒.....▒...▒▒▒p...'.......▒
..▒▒▒▒▒▒▒▒▒ ▒....▒▒▒▒▒▒....
~▒▒▒ ▒....▒ ..... ≈~≈▒ ▒....▒
.▒▒▒ ≈≈≈≈≈≈≈≈▒ { ▒^...▒ .
≈≈≈≈≈≈≈≈≈ ▒≈~▒.▒▒ .▒ ≈≈≈≈≈≈≈≈≈
≈≈≈≈~.▒ ▒≈≈≈≈≈≈≈≈ ≈▒≈▒~≈▒
▒≈≈≈≈≈▒▒▒


You could see 2 slime creatures.


Message History

You kill the slime creature!
The slime creature completely misses you.
The slime creature hits you but does no damage.
You puncture the slime creature!
The slime creature is lightly wounded.
The slime creature closely misses you. The slime creature hits you.
* * * LOW HITPOINT WARNING * * *
You puncture the slime creature!
The slime creature is moderately wounded.
The slime creature hits you!
* * * LOW HITPOINT WARNING * * *
The slime creature barely misses you.
The slime creature completely misses you.
Your icy armour and frozen ramparts will break if you move.
Continue?
Your icy armour cracks and falls away as you move.
The frozen ramparts melt away as you move.
You feel very mighty all of a sudden.
The slime creature hits you but does no damage.
The slime creature barely misses you.
You puncture the slime creature!
The slime creature is heavily wounded.
The slime creature misses you. The slime creature misses you.
You puncture the slime creature!
The slime creature is severely wounded.
The slime creature barely misses you. The slime creature misses you.
The slime creature hits you!
You die...

Action                     |  1- 3 |  4- 6 |  7- 9 | 10-12 | 13-15 || total
---------------------------+-------+-------+-------+-------+-------++-------
  Melee: Unarmed           |     4 |       |       |       |       ||     4
         Mace              |    12 |       |       |       |       ||    12
         Dagger            |    50 |    37 |     1 |       |       ||    88
         Punch             |     1 |       |     2 |     5 |     2 ||    10
         Flail             |       |       |    89 |       |       ||    89
         Spear             |       |       |    11 |   326 |    24 ||   361
   Cast: Freeze            |    64 |    51 |   148 |   243 |     1 ||   507
         Frozen Ramparts   |     1 |     5 |    18 |    81 |     1 ||   106
         Ozocubu's Armour  |       |     1 |    25 |    72 |     1 ||    99
         Summon Ice Beast  |       |       |     1 |    27 |       ||    28
  Evoke: Wand              |       |     2 |       |     1 |       ||     3
    Use: Scroll            |       |       |       |    11 |       ||    11
         Potion            |       |       |       |     7 |     2 ||     9
   Stab: Sleeping          |       |     3 |     1 |     4 |       ||     8
         Distracted        |       |       |       |     2 |       ||     2
 Armour: Robe              |    38 |    22 |   117 |    33 |       ||   210
         Steam dragon scal |       |       |       |   249 |    24 ||   273
  Dodge: Dodged            |    77 |    42 |   186 |   507 |    51 ||   863

Levels and vault maps discovered:
D:1:      eino_arrival_cavern_e, layout_basic, serial_shops, shop
D:2:      layout_loops_cross, uniq_robin, uniq_crazy_yiuf_cottage, uniq_jessica
D:3:      layout_loops_corners, lightli_sewer_entry_pipes, serial_bayou,
          serial_bayou_pond_a, serial_bayou_lake_a, serial_bayou_crossing,
          serial_bayou_shore_b
D:4:      layout_rooms, kennysheep_ying_yang, uniq_sigmund, uniq_edmund
D:5:      minmay_chambers_of_threes, layout_loops_corners,
          gammafunk_temple_overflow_wave, minmay_temple_entry_nine_rooms,
          uniq_duvessa
D:6:      layout_basic, gammafunk_temple_overflow_statue
D:7:      layout_rooms, mainiacjoe_overflow_concentric_impassable, serial_shops,
          nicolae_shop_statue_plus, hellmonk_ghost_happy_afterlife, st_stairs_8,
          kennysheep_generic_room_7
D:8:      layout_rooms, serial_shops, shop, serial_aquarium,
          aquarium_bridge_island_small [aquarium_subvault_small_open,
          aquarium_subvault_bridge, aquarium_subvault_wall,
          aquarium_subvault_wall, aquarium_subvault_balcony],
          aquarium_window_fake, aquarium_window_2, aquarium_window_fake,
          aquarium_view_2b, aquarium_view_2d, aquarium_balcony_3b,
          aquarium_pool_side, uniq_grum, uniq_maurice
D:9:      layout_irregular_city, david_lair_shrubbed, serial_shops,
          kennysheep_little_box, grunt_decor_mini_mirrors
D:10:     layout_roguey, erik_orc_3, uniq_erica, uniq_josephine, uniq_joseph
D:11:     layout_gridville, bh_circular_ruins
D:12:     layout_roguey, minmay_stone_trees_large, drop_trap, dk_vineyard_2
D:13:     layout_long_grid, hangedman_vaults_entry_quadrant_bands
D:14:     layout_basic, gauntlet_entry_generic, hex_tiny

Notes
Turn   | Place    | Note
-------+----------+-------------------------------------------
     0 | D:1      | sanka the Demigod Ice Elementalist began the quest for the
                  | Orb.
     0 | D:1      | Reached XP level 1. HP: 14/14 MP: 5/5
    49 | D:1      | Reached skill level 2 in Spellcasting
    79 | D:1      | Found Xorip's Assorted Antiques.
   282 | D:1      | Reached skill level 4 in Ice Magic
   290 | D:1      | Reached XP level 2. HP: 12/20 MP: 2/7
  1184 | D:1      | Reached XP level 3. HP: 26/26 MP: 8/8
  1188 | D:1      | Learned a level 3 spell: Frozen Ramparts
  1771 | D:2      | Identified the +1 helmet of Dishonour {rElec Dex+3}
  1771 | D:2      | Noticed Robin
  1809 | D:2      | Killed Robin
  1810 | D:2      | Reached skill level 5 in Ice Magic
  2317 | D:2      | Reached XP level 4. HP: 33/33 MP: 5/9
  2354 | D:2      | Noticed Jessica
  2359 | D:2      | Killed Jessica
  2690 | D:2      | Found a runed translucent door.
  2691 | D:2      | Noticed Crazy Yiuf
  2883 | D:3      | Reached XP level 5. HP: 38/38 MP: 8/10
  3034 | D:3      | Reached skill level 6 in Ice Magic
  3203 | D:3      | Found a glowing drain.
  3232 | Sewer    | Entered a sewer
  3282 | Sewer    | Noticed a water moccasin
  3288 | Sewer    | Killed a water moccasin
  3293 | Sewer    | Learned a level 3 spell: Ozocubu's Armour
  3430 | D:3      | Reached XP level 6. HP: 45/45 MP: 6/11
  3621 | D:3      | Reached skill level 7 in Ice Magic
  4187 | D:4      | Noticed Sigmund
  4204 | D:4      | Killed Sigmund
  4280 | D:4      | Reached skill level 8 in Ice Magic
  4280 | D:4      | Reached XP level 7. HP: 50/50 MP: 8/13
  4351 | D:4      | Noticed Edmund
  4361 | D:4      | Killed Edmund
  4362 | D:4      | Reached skill level 3 in Spellcasting
  4367 | D:4      | Learned a level 4 spell: Summon Ice Beast
  4677 | D:4      | Reached skill level 1 in Summonings
  4901 | D:5      | Entered Level 5 of the Dungeon
  5121 | D:5      | Reached skill level 2 in Summonings
  5151 | D:5      | Reached skill level 4 in Spellcasting
  5261 | D:5      | Noticed Duvessa
  5262 | D:5      | Noticed Dowan
  5269 | D:5      | Killed Dowan
  5270 | D:5      | Killed Duvessa
  5271 | D:5      | Reached XP level 8. HP: 53/57 MP: 10/17
  5324 | D:5      | Identified a +2 robe of the Archmagi
  5333 | D:5      | Reached skill level 9 in Ice Magic
  5539 | D:5      | Killed an unseen horror
  5956 | D:5      | Found a staircase to the Ecumenical Temple.
  6018 | D:5      | Reached skill level 10 in Ice Magic
  6021 | D:5      | Reached skill level 1 in Fighting
  6021 | D:5      | Reached skill level 2 in Dodging
  6162 | D:5      | Reached skill level 2 in Fighting
  6292 | D:6      | Reached skill level 3 in Dodging
  6925 | D:6      | Reached skill level 3 in Fighting
  6925 | D:6      | Reached XP level 9. HP: 69/69 MP: 9/18
  7003 | D:7      | Found a runed translucent door.
  7005 | D:7      | Noticed ThereIsNoGod's ghost (novice OpFi)
  7104 | D:7      | Reached skill level 4 in Dodging
  7257 | D:7      | Found Gosossuk's Book Shop.
  7291 | D:7      | Identified the +5 spear of Testaob {holy, rPois rC+ Int+3}
  7432 | D:9      | Found a staircase to the Lair.
  7433 | D:9      | Noticed a komodo dragon
  7464 | D:9      | Reached skill level 4 in Fighting
  7468 | D:9      | Killed a komodo dragon
  7580 | D:9      | Reached skill level 5 in Dodging
  7734 | D:9      | Reached skill level 5 in Fighting
  8015 | D:9      | Reached skill level 6 in Dodging
  8264 | D:9      | Reached skill level 6 in Fighting
  8378 | D:9      | Reached XP level 10. HP: 59/84 MP: 6/19
  8699 | D:9      | Reached skill level 7 in Dodging
  8788 | D:9      | Found Cimud's Distillery.
  8793 | D:9      | Bought a potion of heal wounds for 75 gold pieces
  8793 | D:9      | Bought a potion of curing for 45 gold pieces
  8793 | D:9      | Bought a potion of flight for 45 gold pieces
  8793 | D:9      | Bought a potion of degeneration for 15 gold pieces
  9096 | D:8      | Noticed Maurice
  9111 | D:8      | Killed Maurice
  9253 | D:8      | Reached skill level 7 in Fighting
  9273 | D:8      | Noticed Grum
  9283 | D:8      | Killed Grum
  9518 | D:8      | Found Puyged's Assorted Antiques.
  9553 | D:8      | Identified +0 steam dragon scales
  9764 | D:8      | Reached skill level 8 in Dodging
 10383 | D:7      | Reached skill level 8 in Fighting
 10558 | D:7      | Killed ThereIsNoGod's ghost
 10684 | D:10     | Entered Level 10 of the Dungeon
 10792 | D:10     | Noticed a two-headed ogre
 10798 | D:10     | Killed a two-headed ogre
 11082 | D:10     | Noticed Josephine
 11091 | D:10     | Reached skill level 11 in Ice Magic
 11165 | D:10     | Killed Josephine
 11166 | D:10     | Reached XP level 11. HP: 74/94 MP: 2/20
 11335 | D:10     | Noticed Joseph
 11351 | D:10     | Killed Joseph
 11801 | D:10     | Reached skill level 12 in Ice Magic
 11850 | D:10     | Found a staircase to the Orcish Mines.
 11950 | D:10     | Noticed a two-headed ogre
 11956 | D:10     | Killed a two-headed ogre
 12069 | D:10     | Noticed Erica
 12080 | D:10     | Killed Erica
 12456 | D:10     | Identified +0 acid dragon scales
 12600 | D:11     | Identified +0 acid dragon scales
 12798 | D:11     | Identified the +9 short sword of a Gauntlet {venom, rPois
                  | rC+ Str-5}
 12951 | D:11     | Noticed a two-headed ogre
 12960 | D:11     | Killed a two-headed ogre
 12961 | D:11     | Reached skill level 9 in Fighting
 12961 | D:11     | Reached skill level 9 in Dodging
 13842 | D:11     | Noticed a two-headed ogre
 13850 | D:11     | Killed a two-headed ogre
 14131 | D:12     | Noticed a two-headed ogre
 14136 | D:12     | Killed a two-headed ogre
 14549 | D:12     | Noticed a deep elf pyromancer
 14560 | D:12     | Killed a deep elf pyromancer
 14897 | D:12     | Identified +0 acid dragon scales
 15526 | D:13     | Reached skill level 10 in Fighting
 15526 | D:13     | Reached skill level 10 in Dodging
 15542 | D:13     | Reached XP level 12. HP: 101/106 MP: 4/21
 15840 | D:13     | Reached skill level 11 in Fighting
 15840 | D:13     | Reached skill level 11 in Dodging
 15971 | D:13     | Identified +0 acid dragon scales
 16042 | D:13     | Found a gate to the Vaults.
 16343 | D:13     | Noticed a centaur warrior
 16361 | D:13     | Killed a centaur warrior
 17529 | D:14     | Found a gate leading to a gauntlet.
 17529 | D:14     | Noticed a centaur warrior
 17543 | D:14     | Killed a centaur warrior
 17561 | Gauntlet | Entered a Gauntlet
 17561 | Gauntlet | Found a transporter.
 17561 | Gauntlet | Found a transporter.
 17561 | Gauntlet | Found a transporter.
 17562 | Gauntlet | Noticed a catoblepas
 17616 | Gauntlet | Found a transporter.
 17619 | Gauntlet | Found a transporter.
 17623 | Gauntlet | Found a runed translucent door.
 17625 | Gauntlet | Found a runed translucent door.
 17627 | Gauntlet | Found a transporter.
 17630 | Gauntlet | Found a transporter.
 17638 | Gauntlet | Found a transporter.
 17656 | Gauntlet | Found a transporter.
 17662 | Gauntlet | Found a transporter.
 17665 | Gauntlet | Found a transporter.
 17677 | Gauntlet | Found a transporter.
 17825 | Gauntlet | Killed a catoblepas
 18092 | Gauntlet | Identified the ring of Zoel {Fire Int+3}
 18179 | Gauntlet | Identified the +8 longbow of Symmetry {heavy, Int+3}
 18179 | Gauntlet | Noticed a minotaur
 18210 | Gauntlet | Killed a minotaur
 18217 | Gauntlet | Found the +2 hood of the Assassin {Detect Stab+ Stlth++}
 18464 | D:14     | Noticed a seven-headed hydra
 18805 | D:14     | Killed a seven-headed hydra
 18806 | D:14     | Reached skill level 12 in Fighting
 18806 | D:14     | Reached skill level 12 in Dodging
 19114 | D:14     | Noticed a centaur warrior
 19124 | D:14     | Killed a centaur warrior
 19443 | D:14     | Reached XP level 13. HP: 114/118 MP: 1/22
 19477 | D:14     | HP: 8/119 [slime creature (15)]
 19481 | D:14     | Slain by a slime creature

Vanquished Creatures
  A minotaur (Gauntlet)
  Josephine (D:10)
  A hydra (D:14)
  A catoblepas (Gauntlet)
  Erica (D:10)
  3 centaur warriors
  4 two-headed ogres
  The ghost of ThereIsNoGod the Martial Artist, a novice OpFi of Okawaru (D:7)
  A deep elf knight (D:13)
  5 deep elf pyromancers
  A manticore (D:11)
  A deep elf zephyrmancer (D:13)
  A cyclops (D:14)
  Joseph (D:10)
  Maurice (D:8)
  2 gargoyles
  4 centaur skeletons (D:13)
  An eye of devastation (shapeshifter) (Gauntlet)
  A kobold demonologist (D:13)
  An unseen horror (D:5)
  2 komodo dragons
  2 tengu conjurers (D:14)
  4 yaktaurs (D:13)
  3 trolls
  A hornet (D:9)
  20 slime creatures
  Sigmund (D:4)
  A water elemental (D:14)
  5 wraiths
  A vampire (D:12)
  8 yaks (D:9)
  Grum (D:8)
  2 basilisks
  A steam dragon (D:8)
  4 vampire mosquitoes
  Edmund (D:4)
  6 acid dragons
  6 water moccasins
  Duvessa (D:5)
  2 orc warriors (D:10)
  2 black bears
  4 wolves (D:8)
  2 ogres
  3 centaurs
  A phantom (D:4)
  6 kobold brigands
  A gnoll sergeant (D:5)
  2 scorpions (D:5)
  2 bullfrogs
  3 wights (D:9)
  Dowan (D:5)
  10 killer bees
  2 electric eels (D:14)
  5 howler monkeys
  2 hounds
  8 orc priests
  Jessica (D:2)
  10 iguanas
  8 orc wizards
  2 human simulacra (D:11)
  Robin (D:2)
  4 gnolls (D:5)
  12 adders
  A river rat (D:3)
  4 shadow imps
  2 white imps (D:7)
  4 ufetubi
  9 worms
  5 dart slugs
  42 orcs
  4 ball pythons
  7 bats
  12 endoplasms
  5 giant cockroaches
  19 goblins
  6 hobgoblins
  3 jackals (D:1)
  6 quokkas
  2 frilled lizards
  32 kobolds
  9 rats
369 creatures vanquished.

Vanquished Creatures (collateral kills)
  A two-headed ogre (D:11)
  A skeletal warrior (D:13)
  A gargoyle (Gauntlet)
  A slime creature (D:13)
  A shadow (D:11)
  2 wraiths
  A kobold brigand (D:13)
8 creatures vanquished.

Vanquished Creatures (others)
  A wizard (D:14)
  A yaktaur (D:13)
  A fungus (D:2)
  2 plants (D:9)
5 creatures vanquished.

Grand Total: 382 creatures vanquished
